 Dungeon Crawl Stone Soup version 0.28-a0-1206-g193881aaa2 (webtiles) character file.

Game seed: 13679240601922109734

72 ragingrage the Chopper (level 4, 0/39 HPs)
             Began as a Hill Orc Monk on Dec 21, 2021.
             Slain by Natasha (2 damage)
             ... on level 2 of the Dungeon.
             The game lasted 00:02:30 (943 turns).

ragingrage the Chopper (Hill Orc Monk)               Turns: 943, Time: 00:02:31

Health: 0/39       AC:  3    Str: 15    XL:     4   Next: 25%
Magic:  4/4        EV: 12    Int: 10    God:
Gold:   0          SH:  0    Dex: 13    Spells: 3/3 levels left

rFire   . . .      SeeInvis .   a - +0 hand axe
rCold   . . .      Faith    .   (no shield)
rNeg    . . .      Spirit   .   b - +0 robe
rPois   .          Reflect  .   e - +1 hat
rElec   .          Harm     .   (no cloak)
rCorr   .          Rampage  .   (no gloves)
Will    .....                   (no boots)
Stlth   ++........              (no amulet)
HPRegen 0.13/turn               (no ring)
MPRegen 0.09/turn               (no ring)

@: no status effects
A: no striking features
a: no special abilities


You were on level 2 of the Dungeon.
You visited 1 branch of the dungeon, and saw 2 of its levels.

Inventory:

Hand Weapons
 a - a +0 hand axe (weapon)
Missiles
 f - 3 datura-tipped darts (quivered)
Armour
 b - a +0 robe (worn)
 e - a +1 hat (worn)
Scrolls
 c - a scroll of identify {unknown}
 d - a scroll of torment {unknown}
 h - a scroll of amnesia {unknown}
Potions
 g - a potion of lignification {unknown}


   Skills:
 - Level 3.6 Fighting
 * Level 6.6 Axes
 - Level 2.4 Dodging
 - Level 1.5 Stealth


You had 3 spell levels left.
You didn't know any spells.
Your spell library was empty.

Dungeon Overview and Level Annotations

Branches:
Dungeon (2/15)

Altars:

Annotations:
D:2 Natasha


Message History

You are too injured to fight recklessly!
You are too injured to fight recklessly!
You are too injured to fight recklessly!
You are too injured to fight recklessly!
Throw: 4 darts (datura)
Press: ? - help, Q - select action Shift-Dir - straight line, f - Natasha
Aim: Natasha (50% to hit, chance to frenzy on hit: 75%)
You throw a datura-tipped dart. The datura-tipped dart hits Natasha.
Natasha flies into a frenzy!
Throw: 3 darts (datura)
Press: ? - help, Q - select action Shift-Dir - straight line, f - you, p - Natasha Really target yourself?
Okay, then.
What are your orders? t - Shout!
Orders for allies: a - Attack new target. r - Retreat! s - Stop attacking. g - Guard the area. f - Follow me.
Anything else - Cancel.
Okay, then.
A rat comes into view.
Natasha refuses to make way for you. (Use ctrl+direction or * direction to attack.) Natasha refuses to make way for you. (Use ctrl+direction or * direction to attack.) Natasha claws you!
You closely miss the rat. Natasha claws you but does no damage.
Natasha claws you!
* * * LOW HITPOINT WARNING * * *
The rat misses you.
You hit the rat.
You kill the rat!
Natasha completely misses you.
Natasha refuses to make way for you. (Use ctrl+direction or * direction to attack.)
You hit Natasha.
Natasha is moderately wounded.
Natasha claws you.
* * * LOW HITPOINT WARNING * * *
You barely miss Natasha.
Natasha is moderately wounded.
Natasha claws you.
You die...

.# .#.# #.#. ..# #.#...#
#####.....# #.....#...
). #....... ...#
#.##.....# ###...#.###
.......@.# #..........
........h#####.#........
..........#.............
....##...†..............
... #....#.............
.. ######............. #
#.............
#.....(.....÷.
#.....#.....÷.


You could see the neutral Natasha (fast, strong, insane).

Vanquished Creatures
  Natasha (twice) (D:2)
  A dart slug (D:2)
  A ball python (D:2)
  3 endoplasms
  A giant cockroach (D:2)
  3 goblins
  2 hobgoblins
  A kobold (D:2)
  A bat (D:1)
  2 frilled lizards
  5 rats
22 creatures vanquished.

Vanquished Creatures (others)
  2 plants (D:1)
2 creatures vanquished.

Grand Total: 24 creatures vanquished

Notes
Turn   | Place    | Note
-------+----------+-------------------------------------------
     0 | D:1      | ragingrage the Hill Orc Monk began the quest for the Orb.
     0 | D:1      | Reached XP level 1. HP: 19/19 MP: 1/1
    70 | D:1      | Found a faded altar of an unknown god.
   191 | D:1      | Reached XP level 2. HP: 20/26 MP: 2/2
   518 | D:2      | Reached skill level 5 in Axes
   610 | D:2      | Noticed Natasha
   618 | D:2      | Noticed a crimson imp
   624 | D:2      | Killed Natasha
   625 | D:2      | Reached skill level 6 in Axes
   625 | D:2      | Reached XP level 3. HP: 3/31 MP: 3/3
   915 | D:2      | Noticed Natasha
   931 | D:2      | Killed Natasha
   932 | D:2      | Reached XP level 4. HP: 24/39 MP: 4/4
   933 | D:2      | Noticed Natasha
   943 | D:2      | Slain by Natasha

Illustrated notes

Levels and vault maps discovered:
D:1:      erik_arrival_triangle_huge, layout_rooms, basic_ecumenical_altar,
          st_stairs_14, serial_bayou_ford_a
D:2:      layout_basic, uniq_natasha

Skill      XL: |  1  2 |
---------------+-------+-----
Axes           | 6 |  6.6
Fighting       | |  3.6
Dodging        | |  2.4
Stealth        | |  1.5

Action                   |  1- 3 |  4- 6 || total
-------------------------+-------+-------++-------
Melee: Hand axe          |    80 |     4 ||    84
Throw: Dart              |       |     1 ||     1
 Stab: Distracted        |     1 |       ||     1
Armor: Robe              |    16 |     1 ||    17
Dodge: Dodged            |    66 |     2 ||    68

Table legend: (Time is in decaauts)
 A = Elapsed time spent in this place.
 B = Non-inter-level travel time spent in this place.
 C = Inter-level travel time spent in this place.
 D = Time resting spent in this place.
 E = Time spent auto-exploring this place.
 F = Levels seen in this place.
 G = Mean time per level.
                   A        B        C        D        E       F      G
               +--------+--------+--------+--------+--------+-----+--------+
         Total |    951 |    951 |      0 |    529 |    202 |   2 |  475.5 |
       Dungeon |    951 |    951 |      0 |    529 |    202 |   2 |  475.5 |
               +--------+--------+--------+--------+--------+-----+--------+

Top non-repeatable levels by time:
     D:2: 706 daAuts
     D:1: 245 daAuts
